 Dungeon Crawl Stone Soup version 0.29-a0-330-g52719c12eb (webtiles) character file.

Game seed: 17938895401017433073

671 kae the Firebug (level 7, -1/57 HPs)
             Began as a Demigod Fire Elementalist on Apr 23, 2022.
             Slain by Edmund
             ... wielding a +1 vorpal dire flail
              (16 damage)
             ... on level 4 of the Dungeon.
             The game lasted 00:02:57 (4845 turns).

kae the Firebug (Demigod Fire Elementalist)         Turns: 4845, Time: 00:02:57

Health: -1/57      AC:  4    Str:  9    XL:     7   Next: 10%
Magic:  7/15       EV: 12    Int: 31    God:
Gold:   147        SH:  0    Dex: 14    Spells: 0/13 levels left

rFire   . . .      SeeInvis .   l - +2 dagger (holy)
rCold   . . .      Faith    .   (no shield)
rNeg    . . .      Spirit   .   a - +0 robe
rPois   .          Reflect  .   h - +0 helmet
rElec   .          Harm     .   (no cloak)
rCorr   .          Rampage  .   (no gloves)
Will    .....                   r - +0 pair of boots
Stlth   ++........              (no amulet)
HPRegen 0.19/turn               o - ring of wizardry
MPRegen 0.14/turn               q - +6 ring of intelligence

@: weak-willed
A: high MP 1, forlorn, divine attributes
a: no special abilities


You were on level 4 of the Dungeon.
You visited 1 branch of the dungeon, and saw 4 of its levels.
You also visited: Sewer.

You collected 147 gold pieces.

Inventory:

Hand Weapons
 d - a +0 short sword
 l - a +2 dagger of holy wrath (weapon)
Armour
 a - a +0 robe (worn)
 h - a +0 helmet (worn)
 r - a +0 pair of boots (worn)
Jewellery
 o - a ring of wizardry (left hand)
 q - a +6 ring of intelligence (right hand)
Scrolls
 p - 2 scrolls of silence {unknown}
 s - a scroll of teleportation {unknown}
Potions
 b - 2 potions of magic
 c - 2 potions of curing {unknown}
 f - 2 potions of brilliance
 g - a potion of berserk rage
 i - a potion of resistance
 j - 2 potions of attraction {unknown}
 k - a potion of invisibility {unknown}
 m - a potion of heal wounds {unknown}
 n - a potion of haste {unknown}
 t - a potion of cancellation {unknown}


   Skills:
 + Level 3.3 Fighting
 - Level 1.7 Dodging
 - Level 1.7 Stealth
 + Level 3.7 Spellcasting
 + Level 3.5 Conjurations
 + Level 4.5 Fire Magic


You couldn't memorise any spells.
You knew the following spells:

 Your Spells              Type           Power      Damage    Failure   Level
a - Foxfire               Conj/Fire      100%       2x1d9     1%          1
b - Scorch                Fire           68%        2d8       1%          2
c - Conjure Flame         Conj/Fire      31%        6-21      1%          3
d - Inner Flame           Hex/Fire       19%        N/A       3%          3
e - Flame Wave            Conj/Fire      31%        2d8       4%          4

Your spell library contained the following spells:

 Spells                   Type           Power      Damage    Failure   Level


Dungeon Overview and Level Annotations

Branches:
Dungeon (4/15)              Sewer (visited)
 Temple: D:4-7

Shops:
D:4 !**

Annotations:
D:4 Edmund


Innate Abilities, Weirdness & Mutations

You have an increased reservoir of magic. (+10% MP)
You shall have no god before yourself.
Your divine heritage dramatically boosts your attributes as you level up.


Message History

Edmund the Younger comes into view.
He is wielding a +1 vorpal dire flail.
Edmund is nearby!
Casting: Foxfire (safe; 1% risk of failure)
Confirm with . or Enter, or press ? or * to list all spells.
You conjure some foxfire!
Edmund shouts!
The foxfire hits Edmund but does no damage.
Edmund says, "A flail is better than a scythe, any day of the week!"
Edmund is nearby!
Edmund is nearby!
The foxfire hits Edmund.
Edmund is lightly wounded.
Casting: Foxfire (safe; 1% risk of failure)
Confirm with . or Enter, or press ? or * to list all spells.
You conjure some foxfire!
The foxfire hits Edmund but does no damage.
Edmund is lightly wounded.
The foxfire hits Edmund but does no damage.
Edmund is lightly wounded.
Casting: Foxfire (safe; 1% risk of failure)
Confirm with . or Enter, or press ? or * to list all spells.
Casting: Flame Wave (dangerous; 4% risk of failure)
Press: ? - help, Dir - look around, f - activate A wave of flame ripples out!
The flame wave engulfs Edmund but does no damage.
Edmund is lightly wounded. (Press . to intensify the flame waves.) Edmund hits you with a +1 vorpal dire flail!
A wave of flame ripples out!
The flame wave engulfs Edmund!
Edmund is lightly wounded.
Edmund hits you with a +1 vorpal dire flail!
A wave of flame ripples out!
The flame wave engulfs Edmund!
Edmund is moderately wounded.
You finish channelling waves of flame.
Edmund hits you with a +1 vorpal dire flail!
* * * LOW HITPOINT WARNING * * *
As you read the scroll labelled MOBLUK HISO, it crumbles to dust.
Magic quickly surges around you.
It was a scroll of vulnerability.
Edmund hits you with a +1 vorpal dire flail!
You die...

....... .......
..).... .......
....... ###.......
####∩@.......
###>...@.......
##......#....##.
........§#...#
###........8.#####
#................
#.........8.8...
#...............
#.......#.8.####
###............#


You could see Edmund (weak-willed).

Vanquished Creatures
  Grinder (D:3)
  4 kobold brigands (Sewer)
  Natasha (twice) (D:3)
  4 adders (Sewer)
  4 river rats
  A white imp (D:3)
  2 worms
  A dart slug (D:3)
  5 orcs
  7 ball pythons
  3 bats (D:1)
  6 endoplasms
  5 giant cockroaches
  4 goblins
  A hobgoblin (D:4)
  3 jackals (Sewer)
  11 kobolds
  A quokka (D:1)
  4 frilled lizards
  12 rats
81 creatures vanquished.

Vanquished Creatures (collateral kills)
  14 foxfires (Sewer)
14 creatures vanquished.

Vanquished Creatures (others)
  279 foxfires
  2 plants (Sewer)
281 creatures vanquished.

Grand Total: 376 creatures vanquished

Notes
Turn   | Place    | Note
-------+----------+-------------------------------------------
     0 | D:1      | kae the Demigod Fire Elementalist began the quest for the
                  | Orb.
     0 | D:1      | Reached XP level 1. HP: 14/14 MP: 5/5
   153 | D:1      | Reached skill level 1 in Conjurations
   670 | D:1      | Reached XP level 2. HP: 22/22 MP: 4/7
  1635 | D:2      | Reached skill level 3 in Fire Magic
  1923 | D:2      | Reached skill level 1 in Fighting
  2219 | D:2      | Learned a level 2 spell: Scorch
  2374 | D:3      | Reached XP level 3. HP: 28/28 MP: 6/8
  2377 | D:3      | Found a glowing drain.
  2389 | D:3      | Learned a level 3 spell: Conjure Flame
  2537 | Sewer    | Entered a sewer
  2610 | Sewer    | Noticed a kobold brigand
  2615 | Sewer    | Killed a kobold brigand
  2616 | Sewer    | Reached XP level 4. HP: 36/36 MP: 6/10
  2668 | Sewer    | Noticed a kobold brigand
  2676 | Sewer    | Killed a kobold brigand
  2677 | Sewer    | Reached XP level 5. HP: 41/41 MP: 5/12
  3124 | Sewer    | Reached XP level 6. HP: 50/50 MP: 10/13
  3224 | Sewer    | Reached skill level 4 in Fire Magic
  3762 | D:3      | Noticed Grinder
  3769 | D:3      | Paralysed by Grinder for 2 turns
  3772 | D:3      | Killed Grinder
  3887 | D:3      | Learned a level 3 spell: Inner Flame
  3998 | D:3      | Noticed Natasha
  4001 | D:3      | Killed Natasha
  4002 | D:3      | Reached XP level 7. HP: 57/57 MP: 10/15
  4067 | D:3      | Noticed Natasha
  4071 | D:3      | Killed Natasha
  4128 | D:3      | Noticed an angel
  4275 | D:4      | Learned a level 4 spell: Flame Wave
  4515 | D:4      | Found Xowoel's Specific Store.
  4519 | D:4      | Found Tivanuom's General Store.
  4826 | D:4      | Found Xuemac's Distillery.
  4836 | D:4      | Noticed Edmund
  4845 | D:4      | Slain by Edmund

Illustrated notes

Levels and vault maps discovered:
D:1:      mainiacjoe_arrival_reflecting_pool, layout_basic,
          hellmonk_ecumenical_altar_slurped_away
D:2:      layout_rooms, basic_altar, kennysheep_generic_room_15
D:3:      layout_rooms, mainiacjoe_overflow_boulevard, zin_angel,
          mainiacjoe_overflow_concentric_impassable,
          chequers_temple_overflow_minitemple, gup_sewer_entry_bubbles,
          minmay_misc_feat_ornament, uniq_natasha, uniq_grinder
D:4:      layout_cave_pods, worldfamousw_hep_ancestral_shrine,
          serial_column_ruins, column_ruins_hut_ruined, column_ruins_hut,
          column_ruins_columns_T, column_ruins_grid_3, column_ruins_grid_4,
          column_ruins_grid_3, column_ruins_open_small, serial_shops, shop,
          kennysheep_mini_moat, nicolae_specific_store, serial_park_tiny_2,
          uniq_edmund

Skill      XL: |  1  2  3  4  5  6 |
---------------+-------------------+-----
Conjurations   | 1 2 3 |  3.5
Spellcasting   | 2 3 |  3.7
Fire Magic     | 3 4 |  4.5
Fighting       | 1 2 3 |  3.3
Dodging        | |  1.7
Stealth        | |  1.7

Action                   |  1- 3 |  4- 6 |  7- 9 || total
-------------------------+-------+-------+-------++-------
Melee: Short sword       |     3 |       |       ||     3
       Dagger            |     2 |     1 |       ||     3
 Cast: Foxfire           |    76 |    63 |    31 ||   170
       Scorch            |       |     9 |       ||     9
       Flame Wave        |       |       |     1 ||     1
  Use: Scroll            |     4 |     2 |     1 ||     7
 Stab: Sleeping          |     1 |       |       ||     1
Armor: Robe              |     4 |     1 |       ||     5
Dodge: Dodged            |    19 |     2 |       ||    21

Table legend: (Time is in decaauts)
 A = Elapsed time spent in this place.
 B = Non-inter-level travel time spent in this place.
 C = Inter-level travel time spent in this place.
 D = Time resting spent in this place.
 E = Time spent auto-exploring this place.
 F = Levels seen in this place.
 G = Mean time per level.
                   A        B        C        D        E       F      G
               +--------+--------+--------+--------+--------+-----+--------+
         Total |   5012 |   4842 |    170 |     12 |   4109 |   5 | 1002.4 |
       Dungeon |   3829 |   3659 |    170 |      0 |   3148 |   4 |  957.2 |
         Sewer |   1183 |   1183 |      0 |     12 |    961 |   1 | 1183.0 |
               +--------+--------+--------+--------+--------+-----+--------+

Top non-repeatable levels by time:
     D:1: 1652 daAuts
   Sewer: 1183 daAuts
     D:3: 910 daAuts
     D:2: 689 daAuts
     D:4: 576 daAuts
